 Dungeon Crawl Stone Soup version 0.30-a0-159-g068b764562 (webtiles) character file.

Game seed: 10840887192769543623

252 qw the Chopper (level 6, -5/38 HPs)
             Began as a Gargoyle Fighter on Sept 27, 2022.
             Slain by an ogre
             ... wielding a +0 giant spiked club
              (15 damage)
             ... on level 5 of the Dungeon.
             The game lasted 00:00:36 (1524 turns).

qw the Chopper (Gargoyle Fighter)                   Turns: 1524, Time: 00:00:36

Health: -5/38      AC: 13    Str: 21    XL:     6   Next: 14%
Magic:  6/6        EV:  9    Int:  9    God:
Gold:   100        SH:  4    Dex:  9    Spells: 5/5 levels left

rFire   . . .      SeeInvis .    Y - +0 war axe
rCold   . . .      Faith    .    c - +0 buckler
rNeg    + . .      Spirit   .    b - +0 scale mail
rPois   inf        Reflect  .    h - +1 helmet
rElec   +          Harm     .    (no cloak)
rCorr   .          Rampage  .    (no gloves)
Will    .....                    (no boots)
Stlth   ..........               a - amulet of regeneration
HPRegen 0.92/turn                (no ring)
MPRegen 0.10/turn                (no ring)

@: marked
A: sickness immunity, AC +4, negative energy resistance 1, electricity
resistance, torment resistance 1, petrification resistance
a: no special abilities


You were on level 5 of the Dungeon.
You visited 1 branch of the dungeon, and saw 4 of its levels.

You collected 130 gold pieces.
You spent 30 gold pieces at shops.


Innate Abilities, Weirdness & Mutations

You are immune to sickness and miasma.
Your stone body is resilient. (AC +4)
You are immune to poison.
You resist negative energy. (rN+)
You are resistant to electric shocks. (rElec)
You are resistant to unholy torment.
You are immune to petrification.


   Skills:
 - Level 4.1 Fighting
 - Level 5.1 Axes
 - Level 3.2 Armour
 + Level 0.9 Dodging
 - Level 3.2 Shields


You had 5 spell levels left.
You didn't know any spells.
Your spell library was empty.

Inventory:

Hand Weapons
 l - a +1 hand axe of flaming
 Y - a +0 war axe (weapon)
Missiles
 f - 2 boomerangs (quivered)
Armour
 b - a +0 scale mail (worn)
 c - a +0 buckler (worn)
 h - a +1 helmet (worn)
 o - a +0 chain mail
Jewellery
 a - an amulet of regeneration (around neck)
Scrolls
 g - a scroll of identify
 i - a scroll of immolation {unknown}
Potions
 d - 2 potions of might
 e - a potion of mutation
 j - a potion of curing {unknown}
 k - a potion of haste {unknown}
 m - 2 potions of attraction {unknown}
 n - 2 potions of ambrosia {unknown}

Dungeon Overview and Level Annotations

Branches:
Dungeon (5/15)
 Temple: D:4-7

Altars:

Shops:
D:1 [[!(   D:3 :


Message History

Your Fighting skill increases to level 4!
You have reached level 6!
You start resting.
HP restored.
A sourceless malevolence fills the Dungeon...
With a horrendous wail, an alarm goes off!
A sentinel's mark forms upon you.
You hear a shout!
You hear an angry hiss. x2
There is an open door here.
You hear the slow hiss of a very distant avalanche of sand.
An iguana comes into view.
Throw: 2 boomerangs
Press: ? - help, Q - select action Shift-Dir - straight line, f - iguana You throw a boomerang.
The boomerang hits the iguana.
The iguana is moderately wounded.
An ogre comes into view. It is wielding a +0 giant spiked club.
Throw: 2 boomerangs
Press: ? - help, Q - select action Shift-Dir - straight line, f/p - iguana You throw a boomerang.
The boomerang completely misses the iguana.
Throw: 2 boomerangs
Press: ? - help, Q - select action Shift-Dir - straight line, f/p - iguana You throw a boomerang.
The boomerang hits the iguana but does no damage.
The iguana is moderately wounded.
You hit the iguana.
The iguana is heavily wounded.
The iguana closely misses you.
You slash the iguana!
You kill the iguana!
You barely miss the ogre.
The ogre hits you with a +0 giant spiked club!
You hit the ogre.
The ogre is lightly wounded.
The ogre hits you with a +0 giant spiked club!!
Ouch! That really hurt!
You slash the ogre!
The ogre is heavily wounded.
The ogre hits you with a +0 giant spiked club!
You die...

#....#####'##....##.
#....#.....##.......
#....#..............
#....+..............
#....#.....##.......
#....#.....##....##.
#....#.....#.....##.
#....+.....#........
#..@.#####+##.......
#...O.......#.......
+...........+.......
#...........#.......
#...........##)####.
....####.....))).# #
.....# #......).)#
......+ #.........#
#.........#


You could see an ogre.

Vanquished Creatures
  A hound (D:5)
  An orc priest (D:5)
  Terence (D:2)
  An iguana (D:5)
  3 orc wizards (D:5)
  2 adders
  A worm (D:3)
  9 orcs
  2 endoplasms
  2 goblins
  4 hobgoblins
  3 kobolds
  A ball python (D:1)
  4 bats
  5 frilled lizards
  4 rats
44 creatures vanquished.

Vanquished Creatures (others)
  3 toadstools (D:1)
3 creatures vanquished.

Grand Total: 47 creatures vanquished

Notes
Turn   | Place    | Note
-------+----------+-------------------------------------------
     0 | D:1      | qw the Gargoyle Fighter began the quest for the Orb.
     0 | D:1      | Reached XP level 1. HP: 14/14 MP: 1/1
     0 | D:1      | 0 ||| qw: Version: 0.2-a-10-g37ed214
     0 | D:1      | 0 ||| qw: Game counter: 563
     0 | D:1      | 0 ||| qw: Always use a shield: true
     0 | D:1      | 0 ||| qw: God list: Okawaru
     0 | D:1      | 0 ||| qw: Allow faded altars: false
     0 | D:1      | 0 ||| qw: Do Orc after D:15 true
     0 | D:1      | 0 ||| qw: Do second Lair branch before Depths: true
     0 | D:1      | 0 ||| qw: Lair rune preference: random
     0 | D:1      | 0 ||| qw: Plans: Normal, Zot:1-4, God:TSO, Crypt, Tomb,
                  | Pan, Slime:5, Hells, Abyss, Orb
     0 | D:1      | 0 ||| PLANNING D:1-11
    37 | D:1      | Found Asyruhe's Distillery.
    54 | D:1      | 54 ||| SHOPLISTING potion of attraction (36 gold, have 16).
    54 | D:1      | 54 ||| SHOPLISTING potion of curing (36 gold, have 16).
    69 | D:1      | Found Reskol's Antique Armour Boutique.
    75 | D:1      | 75 ||| SHOPLISTING chain mail (94 gold, have 16).
   133 | D:1      | Reached skill level 2 in Axes
   148 | D:1      | Found Cueraf's Armour Boutique.
   157 | D:1      | 157 ||| SHOPLISTING +0 pair of boots (58 gold, have 33).
   157 | D:1      | 157 ||| SHOPLISTING +0 pair of gloves (58 gold, have 33).
   157 | D:1      | 157 ||| SHOPLISTING +1 plate armour of Sunlight {rPois
                  | Str-4 Int+5 Stlth+} (573 gold, have 33).
   157 | D:1      | 157 ||| SHOPLISTING +2 buckler of Beogh's Hope {rC- Dex+5}
                  | (325 gold, have 33).
   157 | D:1      | 157 ||| SHOPLISTING +2 plate armour of fire resistance (520
                  | gold, have 33).
   237 | D:1      | 237 ||| Stepping ~*~*~tactically~*~*~ (stealth).
   407 | D:1      | Found Lawnoal's Weapon Shoppe.
   418 | D:1      | 418 ||| BUYING +0 mace (30 gold).
   418 | D:1      | Bought a +0 mace for 30 gold pieces
   418 | D:1      | 418 ||| READING scroll labelled HYIBRA QISTUU.
   422 | D:1      | 422 ||| READING scroll labelled JAEPUIPUJI.
   438 | D:2      | Reached XP level 2. HP: 19/19 MP: 2/2
   441 | D:2      | 441 ||| STAIRDANCE
   634 | D:2      | Noticed Terence
   641 | D:2      | HP: 4/19 [Terence/+1 hand axe of flaming (1)]
   644 | D:2      | Killed Terence
   645 | D:2      | Reached skill level 3 in Axes
   645 | D:2      | Reached XP level 3. HP: 5/23 MP: 3/3
   902 | D:2      | 902 ||| DROPPING +0 mace.
  1044 | D:2      | 1044 ||| Stepping ~*~*~tactically~*~*~ (hiding).
  1223 | D:2      | 1223 ||| UPGRADING to +1 helmet.
  1228 | D:2      | 1228 ||| UPGRADING to amulet of regeneration.
  1233 | D:2      | 1233 ||| READING scroll labelled QEPNIAGUAN.
  1234 | D:2      | 1234 ||| READING 2 scrolls of identify.
  1234 | D:2      | 1234 ||| IDENTIFYING smoky cyan potion
  1317 | D:3      | Reached XP level 4. HP: 28/28 MP: 4/4
  1320 | D:3      | Found a faded altar of an unknown god.
  1382 | D:3      | Found Emayckab's Book Shoppe.
  1425 | D:3      | You fall into a shaft and drop 2 floors!
  1425 | D:5      | Entered Level 5 of the Dungeon
  1426 | D:5      | 1426 ||| PLANNING OSSUARY
  1438 | D:5      | Reached skill level 4 in Axes
  1442 | D:5      | 1442 ||| Stepping ~*~*~tactically~*~*~ (hiding).
  1455 | D:5      | Reached XP level 5. HP: 30/32 MP: 5/5
  1463 | D:5      | Reached skill level 5 in Axes
  1503 | D:5      | Reached XP level 6. HP: 35/38 MP: 6/6
  1523 | D:5      | HP: 8/38 [ogre/+0 giant spiked club (20)]
  1524 | D:5      | Slain by an ogre

Levels and vault maps discovered:
D:1:      reono_arrival_forest_river, layout_rooms, serial_shops, shop,
          nicolae_shop_advertising_works [nicolae_subvault_shop_adworks], shop,
          nicolae_lakefront_shop, minmay_gold_behind_fungi
D:2:      wander_river, layout_rooms, nicolae_figureground_sparkle, uniq_terence
D:3:      layout_rooms, hellmonk_ecumenical_altar_heavens_door, serial_shops,
          shop_fountains, uniq_natasha
D:5:      layout_gridville, enter_ossuary_1, hellmonk_ghost_happy_afterlife,
          serial_bayou_pond_c

Skill      XL: |  1  2  3  4  5 |
---------------+----------------+-----
Axes           | 2 3 4 5 |  5.1
Fighting       | 4 |  4.1
Armour         | |  3.2
Dodging        | |  0.9
Shields        | |  3.2

Action                   |  1- 3 |  4- 6 || total
-------------------------+-------+-------++-------
Melee: War axe           |    47 |    51 ||    98
Throw: Boomerang         |    25 |     9 ||    34
  Use: Scroll            |     4 |       ||     4
Armor: Scale mail        |    23 |    25 ||    48
Dodge: Dodged            |    10 |    20 ||    30
Block: Buckler           |     8 |    11 ||    19

Table legend:
 A = Non-vault XP
 B = Vault XP
 C = Vault XP percentage of total XP
 D = Non-vault monster count
 E = Vault monster count
 F = Vault count percentage of total count
                 A         B        C        D         E       F
            +---------+---------+-------+---------+---------+-------
      Total |     325 |      36 |  10.0 |      43 |       1 |   2.3
            +---------+---------+-------+---------+---------+-------
        D:1 |      11 |       0 |   0.0 |       8 |       0 |   0.0
        D:2 |      15 |      36 |  70.6 |      10 |       1 |   9.1
        D:3 |      33 |       0 |   0.0 |      10 |       0 |   0.0
        D:5 |     266 |       0 |   0.0 |      15 |       0 |   0.0
            +---------+---------+-------+---------+---------+-------
